 Dungeon Crawl Stone Soup version 0.31-a0-1068-g5939ac1fb6 (webtiles) character file.

Game seed: 17140627652318977972

1081 AZSletch the Vexing (level 8, 38/52 HPs)
             Began as a Demonspawn Enchanter on Nov 25, 2023.
             Quit the game on level 5 of the Dungeon.
             The game lasted 00:15:06 (3392 turns).

AZSletch the Vexing (Demonspawn Enchanter)          Turns: 3392, Time: 00:15:07

Health: 38/52      AC:  8    Str: 10    XL:     8   Next: 8%
Magic:  21/24      EV: 13    Int: 16    God:
Gold:   44         SH:  0    Dex: 15    Spells: 10/16 levels left

rFire   . . .        u - +1 dagger (speed)
rCold   . . .        (no shield)
rNeg    . . .        A - +2 leather armour {rPois}
rPois   +            (no helmet)
rElec   .            (no cloak)
rCorr   .            v - +0 pair of gloves
SInv    .            h - +1 pair of boots
Will    .....        j - amulet of regeneration
Stlth   ++           w - ring of magical power
HPRegen 1.08/turn    (no ring)
MPRegen 0.38/turn

%: no passive effects
@: no status effects
A: claws 1, demonic guardian 1, magic regeneration
a: no special abilities


You were on level 5 of the Dungeon.
You visited 1 branch of the dungeon, and saw 5 of its levels.
You also visited: Sewer.

You collected 194 gold pieces.
You spent 150 gold pieces at shops.

Inventory:

Hand Weapons
 d - a +0 short sword of venom
 u - a +1 dagger of speed (weapon)
Missiles
 x - a poisoned dart (quivered)
Armour
 h - a +1 pair of boots (worn)
 v - a +0 pair of gloves (worn)
 A - a +2 leather armour of poison resistance (worn)
Jewellery
 j - an amulet of regeneration (around neck)
 w - a ring of magical power (left hand)
Talismans
 z - a blade talisman
Wands
 r - a wand of polymorph (7)
 y - a wand of flame (41)
 H - a wand of roots (8)
Scrolls
 e - 5 scrolls of butterflies {unknown}
 k - 2 scrolls of silence {unknown}
 l - 4 scrolls of blinking
 n - a scroll of revelation {unknown}
 o - 6 scrolls of identify
 p - a scroll of poison {unknown}
 q - a scroll of fear {unknown}
 s - 2 scrolls of amnesia {unknown}
 t - a scroll of enchant weapon {unknown}
 B - a scroll of brand weapon {unknown}
 D - 2 scrolls of immolation {unknown}
 E - a scroll of fog {unknown}
 G - 2 scrolls of teleportation
Potions
 a - a potion of berserk rage
 b - a potion of cancellation {unknown}
 c - 2 potions of invisibility
 f - 2 potions of heal wounds {unknown}
 g - 3 potions of curing {unknown}
 i - 2 potions of haste {unknown}
 m - 3 potions of ambrosia {unknown}
 C - a potion of degeneration {unknown}
 F - a potion of brilliance {unknown}
 I - a potion of resistance {unknown}


   Skills:
 + Level 4.2 Short Blades
 + Level 4.6 Dodging
 - Level 2.6 Stealth
 + Level 4.6 Spellcasting
 + Level 5.6 Hexes


You had 10 spell levels left.
You knew the following spells:

 Your Spells              Type           Power      Damage    Failure   Level
a - Confusing Touch       Hex            21%        N/A       6%          3
b - Tukima's Dance        Hex            21%        N/A       6%          3

Your spell library contained the following spells:

 Spells                   Type           Power      Damage    Failure   Level
 Ensorcelled Hibernation  Hex/Ice        24%        N/A       11%         2
 Dazzling Flash           Conj/Hex       24%        N/A       21%         3
 Poisonous Vapours        Pois/Air       6%         N/A       32%         2
 Mephitic Cloud           Conj/Pois/Air  3%         N/A       54%         3
 Freezing Cloud           Conj/Ice/Air   1%         6-21      99%         5


Dungeon Overview and Level Annotations

Branches:
Dungeon (5/15)              Sewer (visited)
 Temple: D:4-7

Altars:
Ashenzari

Shops:
D:4 =   D:5 [?


Innate Abilities, Weirdness & Mutations

You have sharp fingernails.
A weak demonic guardian rushes to your aid.
You regenerate magic rapidly.


Message History

Pikel hits the lemure with a +2 whip of flaming.
Pikel burns the lemure.
You hit Pikel.
Pikel is heavily wounded.
Your magical contamination has completely faded away.
You closely miss Pikel.
Pikel is heavily wounded.
You hit Pikel but do no damage.
Pikel is heavily wounded.
You barely miss Pikel.
Pikel is heavily wounded.
Pikel hits the lemure but does no damage.
You hit Pikel.
Pikel is heavily wounded.
Pikel hits the lemure with a +2 whip of flaming!
Pikel burns the lemure.
You strike the helpless Pikel from behind!
You puncture Pikel!
Pikel is almost dead.
You hit Pikel but do no damage.
Pikel is almost dead.
Pikel ponders the situation.
Pikel hits you with a +2 whip of flaming!
A demonic guardian appears!
Pikel burns you.
You hit Pikel.
Pikel is almost dead.
You catch the helpless Pikel completely off-guard!
You puncture Pikel!
You kill Pikel!
With Pikel's spell broken, his former minions thank you for their freedom.
The lemure departs this earthly plane. x4
Your Short Blades skill increases to level 4!
Your Hexes skill increases to level 5!
You have reached level 8!
You feel stronger.
Your demonic ancestry asserts itself...
Your fingernails lengthen.
y - a wand of flame (41) (gained 17 charges)
Items here: ) [ ††.
Okay, then.
Are you sure you want to abandon this character and quit the game? (Confirm with "yes".)

#....#............#.....####....
#....#............#.##..##.#..##
.#....#......s.....#.#......#....
..(...(..........................
.#....#........##................
#....#...#######.........#......
########## #.§(..#.#.##.####
#####§§...#...##... #
#..5@§§...#########.#
......###§§...# # ..... #.....# #
.... #.....# # ### #.......# #
#.......# # #.<..#### #....#
##.....## .


You could see a friendly quasit (summoned).

Vanquished Creatures
  Pikel (D:5)
  A water moccasin (Sewer)
  A phantom (D:5)
  3 scorpions
  3 hounds
  An iguana (D:4)
  A gnoll (D:4)
  An adder (D:4)
  A worm (D:2)
  2 dart slugs
  3 orcs
  8 endoplasms
  8 giant cockroaches
  5 goblins
  4 hobgoblins
  11 jackals
  7 quokkas
  3 ball pythons
  10 bats
  9 frilled lizards
  4 kobolds
  3 rats
90 creatures vanquished.

Vanquished Creatures (collateral kills)
  A howler monkey (D:5)
  An orc priest (D:5)
  An orc (D:5)
3 creatures vanquished.

Grand Total: 93 creatures vanquished

Notes
Turn   | Place    | Note
-------+----------+-------------------------------------------
     0 | D:1      | AZSletch the Demonspawn Enchanter began the quest for the
                  | Orb.
     0 | D:1      | Reached XP level 1. HP: 13/13 MP: 3/3
    61 | D:1      | Reached skill level 1 in Short Blades
   102 | D:1      | Gained mutation: You regenerate magic rapidly. [demonic
                  | ancestry]
   102 | D:1      | Reached XP level 2. HP: 16/19 MP: 5/5
   690 | D:2      | Reached XP level 3. HP: 24/24 MP: 6/6
   856 | D:2      | Learned a level 3 spell: Confusing Touch
   860 | D:2      | Learned a level 3 spell: Tukima's Dance
   916 | D:2      | Found a faded altar of an unknown god.
  1485 | D:3      | Found a glowing drain.
  1510 | D:3      | Reached XP level 4. HP: 30/30 MP: 7/7
  1522 | Sewer    | Entered a sewer
  1577 | Sewer    | Noticed a water moccasin
  1605 | Sewer    | Killed a water moccasin
  1606 | Sewer    | Reached skill level 4 in Hexes
  1606 | Sewer    | Reached XP level 5. HP: 24/35 MP: 9/9
  1979 | D:4      | Found a broken altar of Ashenzari.
  2205 | D:4      | Gained mutation: A weak demonic guardian rushes to your
                  | aid. [demonic ancestry]
  2205 | D:4      | Reached XP level 6. HP: 32/41 MP: 11/11
  2383 | D:4      | Found Memex's Jewellery Boutique.
  2973 | D:5      | Entered Level 5 of the Dungeon
  3048 | D:5      | Reached XP level 7. HP: 46/46 MP: 12/12
  3049 | D:5      | Found Firoq's Antique Armour Shop.
  3115 | D:5      | Found Filousk's Magic Scroll Shoppe.
  3122 | D:5      | Bought a scroll of identify for 24 gold pieces
  3122 | D:5      | Bought a scroll of blinking for 90 gold pieces
  3122 | D:5      | Bought a scroll of teleportation for 36 gold pieces
  3291 | D:5      | Noticed Pikel
  3389 | D:5      | Killed Pikel
  3390 | D:5      | Reached skill level 5 in Hexes
  3390 | D:5      | Gained mutation: You have sharp fingernails. [demonic
                  | ancestry]
  3390 | D:5      | Reached XP level 8. HP: 36/52 MP: 15/15
  3392 | D:5      | Quit the game

Illustrated notes

Levels and vault maps discovered:
D:1:      dpeg_arrival_simpleton_b, layout_rooms
D:2:      layout_rooms, hellmonk_ecumenical_altar_lost_god, minmay_lizard_pond
D:3:      layout_rooms, gup_sewer_entry_pipe
D:4:      layout_gridville, mainiacjoe_overflow_paths, serial_shops,
          nicolae_shop_gaudy_bauble, minmay_surrounded
D:5:      minmay_inner_zag, layout_basic, serial_shops,
          nicolae_shop_statue_plus, nicolae_shop_tiny_glass, shop, uniq_pikel

Skill      XL: |  1  2  3  4  5  6  7 |
---------------+----------------------+-----
Short Blades   | 1 2 3 4 |  4.2
Dodging        | 2 3 4 |  4.6
Spellcasting   | 3 4 |  4.6
Hexes          | 4 5 |  5.6
Stealth        | |  2.6

Action                     |  1- 3 |  4- 6 |  7- 9 || total
---------------------------+-------+-------+-------++-------
  Melee: Short sword       |    72 |       |       ||    72
         Dagger            |   139 |   263 |    84 ||   486
         Punch             |     1 |     4 |     2 ||     7
  Throw: Dart              |       |       |     4 ||     4
   Cast: Confusing Touch   |       |     3 |     3 ||     6
  Evoke: Wand              |       |     3 |       ||     3
   Stab: Sleeping          |     7 |     4 |       ||    11
         Confused          |       |     2 |     5 ||     7
 Armour: Robe              |    82 |    10 |       ||    92
         Leather armour    |       |    93 |    28 ||   121
  Dodge: Dodged            |    94 |   118 |    22 ||   234

Table legend: (Time is in decaauts)
 A = Elapsed time spent in this place.
 B = Non-inter-level travel time spent in this place.
 C = Inter-level travel time spent in this place.
 D = Time resting spent in this place.
 E = Time spent auto-exploring this place.
 F = Levels seen in this place.
 G = Mean time per level.
                   A        B        C        D        E       F      G
               +--------+--------+--------+--------+--------+-----+--------+
         Total |   3194 |   3110 |     84 |     70 |   1645 |   6 |  532.3 |
       Dungeon |   3078 |   2994 |     84 |     70 |   1645 |   5 |  615.6 |
         Sewer |    116 |    116 |      0 |      0 |      0 |   1 |  116.0 |
               +--------+--------+--------+--------+--------+-----+--------+

Top non-repeatable levels by time:
     D:4: 927 daAuts
     D:2: 632 daAuts
     D:3: 600 daAuts
     D:1: 554 daAuts
     D:5: 363 daAuts
   Sewer: 116 daAuts
